 Dungeon Sprint DCSS version 0.30-a0-802-gb92711bcdf (webtiles) character file.

Game seed: 6612333421354223662

20827 retardedninja the Severer (level 12, -2/106 HPs)
             Began as a Minotaur Fighter on Feb 24, 2023.
             Was an Initiate of Gozag.
             Killed from afar by a gargoyle (14 damage)
             ... with a stone arrow
             ... in the Dungeon (Sprint I: "Red Sonja").
             The game lasted 00:14:17 (7030 turns).

retardedninja the Severer (Minotaur Fighter)        Turns: 7030, Time: 00:14:18

Health: -2/106     AC: 34    Str: 32    XL:     12   Next: 48%
Magic:  11/11      EV: 11    Int:  3    God:    Gozag
Gold:   2487       SH:  9    Dex: 10    Spells: 11/11 levels left

rFire   + . .      SeeInvis .    c - +0 war axe (flame)
rCold   . . .      Faith    .    k - +2 buckler {AC+3}
rNeg    . . .      Spirit   .    m - +3 plate armour {rF+}
rPois   .          Reflect  .    g - +2 hat {Stlth+}
rElec   .          Harm     .    (no cloak)
rCorr   .          Rampage  .    p - +2 pair of gloves {infuse}
Will    .....      NoTele   +    n - +2 pair of boots Stlth
                                 (no amulet)
HPRegen 0.37/turn                r - ring "Vamuyplo" {Fly rC+ Str+2 Int+2}
MPRegen 0.12/turn                s - +6 ring of strength

@: flying, slowed, very slow
A: horns 2, retaliatory headbutt, deterioration 1, dopey 2, frail 2, screaming
1, weak 1, cold vulnerability 1
a: Renounce Religion, Potion Petition, Call Merchant, Bribe Branch


You were in the Dungeon.
You worshipped Gozag.
Gozag was most pleased with you.
You visited 1 branch You collected 7610 gold pieces.
You spent 3926 gold pieces at shops.
You paid 1197 gold pieces to Gozag.

Inventory:

Hand Weapons
 c - a +0 war axe of flaming (weapon)
Armour
 g - a +2 hat of stealth (worn)
 k - a +2 buckler of protection (worn)
 m - a +3 plate armour of fire resistance (worn)
 n - a +2 pair of boots (worn)
 p - a +2 pair of gloves of infusion (worn)
Jewellery
 r - the ring "Vamuyplo" (left hand) {Fly rC+ Str+2 Int+2}
   (You bought it in a shop in the Dungeon)

   [ring of protection from cold]

   Str:       It affects your strength (+2).
   Int:       It affects your intelligence (+2).
   rC:        It protects you from cold.
   Fly:       It grants you flight.
 s - a +6 ring of strength (right hand)
Scrolls
 a - a scroll of fog
 j - 3 scrolls of blinking
 o - a scroll of butterflies
Potions
 h - 2 potions of magic
 i - a potion of cancellation
 u - a potion of haste
Miscellaneous
 b - a box of beasts
 d - a phantom mirror (inert)
 q - a tin of tremorstones (inert)


   Skills:
 + Level 20.0 Fighting
 + Level 20.4 Axes
 + Level 19.3 Armour
 + Level 6.6 Dodging
 + Level 4.4 Stealth
 + Level 15.2 Shields
 + Level 5.1 Evocations


You had 11 spell levels left.
You didn't know any spells.
Your spell library was empty.

Dungeon Overview and Level Annotations

Branches:
Dungeon (1/1)

Altars:
Cheibriados
Dithmenos
Elyvilon
Fedhas
Gozag
Hepliaklqana
Kikubaaqudgha
Makhleb
Nemelex Xobeh
Okawaru
Qazlal
Ru
Sif Muna
Trog
Uskayaw
Vehumet
Wu Jian
Xom
Yredelemnul
Zin
The Shining One
Jiyva
Lugonu

Shops:
D (**?[![==([??=:*!:?[*?

Annotations:
D exclusion: oklob plant


Innate Abilities, Weirdness & Mutations

You have a pair of horns on your head.
You reflexively headbutt those who attack you in melee.
Your body sometimes deteriorates upon taking damage.
You are very dopey. (Int -4)
You are very frail. (-20% HP)
You occasionally shout uncontrollably at your foes.
You are weak. (Str -2)
You are vulnerable to cold. (rC-)


Message History

You are poisoned.
You feel yourself slow down.
You feel very sick. You block the gargoyle's attack.
You barely miss the gargoyle.
You headbutt the gargoyle, but do no damage.
The gargoyle is severely damaged.
You are engulfed in dark miasma.
You are lethally poisoned!
You feel as though you will be slow longer.
* * * LOW HITPOINT WARNING * * *
You feel extremely sick. You block the gargoyle's attack.
You feel better.
You are engulfed in dark miasma.
You are poisoned.
* * * LOW HITPOINT WARNING * * *
You feel extremely sick.
The gargoyle hurls a stone arrow at you.
The stone arrow hits you!
* * * LOW HITPOINT WARNING * * *
The gargoyle misses you. You furiously retaliate!
You headbutt the gargoyle.
You feel better.
The gargoyle hits you but does no damage.
The gargoyle hurls a stone arrow at you.
The stone arrow hits you but does no damage.
There is an open door here.
The gargoyle attacks as you move away!
The gargoyle hits you but does no damage.
The gargoyle hurls a stone arrow at you.
The stone arrow hits you!
* * * LOW HITPOINT WARNING * * *
Found 54 gold pieces.
The gargoyle hurls a stone arrow at you.
The stone arrow misses you.
There is an open door here.
Found 27 gold pieces.
The gargoyle hurls a stone arrow at you.
The stone arrow hits you!
You die...
Your body crumbles into a pile of gold.

°.#.....#
.###$#)$≈.##'#§.§§##$$$
..###''##
##..$#.$≈##..§§§§§.##$$
○## ..##
+###$.≈#§...§§.§§.#$$
○# ##$○
#P≈..##§§...§§...##$
'#$$#!○#$
#M≈..#§.§...)....§#
.#$$$$$○$$$
###.9#............#$
##$$$$$$$$$
#.'..##..........##$
$$$$$$#
#.##'##..........#$$
$$$
#.#@~~##........##$$ $
#.#~~~~##.(.)[.##$$$
^.#~~~~~######## $$
####~~~~# $ $$#'~~~'~ $
$$$##~~#~~ $$


$$$$ #####' $$$$ You could see a gargoyle.

Vanquished Creatures
  the Lernaean hydra (D)
  A golden dragon (D)
  A shadow dragon (D)
  A lorocyproca (D)
  A deep elf annihilator (D)
  A hydra (D)
  2 centaur warriors (D)
  Sonja (D)
  A deep troll (D)
  A lindwurm (D)
  An oklob plant (D)
  8 shining eyes (D)
  2 merfolk sirens (D)
  4 demonic crawlers (D)
  A gargoyle (D)
  2 unseen horrors (D)
  2 kobold demonologists (D)
  A hellwing (D)
  5 hornets (D)
  Sigmund (D)
  A slime creature (D)
  A yak (D)
  13 hogs (D)
  2 redbacks (D)
  7 floating eyes (D)
  An ogre (D)
  7 necrophages (D)
  8 jellies (D)
  Ijyb (D)
  A ballistomycete spore (D)
80 creatures vanquished.

Vanquished Creatures (others)
  A ballistomycete spore (D)
1 creature vanquished.

Grand Total: 81 creatures vanquished

Notes
Turn   | Place    | Note
-------+----------+-------------------------------------------
     0 | D        | retardedninja the Minotaur Fighter began the quest for the
                  | Orb.
     0 | D        | Reached XP level 1. HP: 19/19 MP: 0/0
     2 | D        | Noticed Ijyb
     7 | D        | Killed Ijyb
     8 | D        | Reached skill level 5 in Fighting
     8 | D        | Reached skill level 5 in Armour
     8 | D        | Reached skill level 5 in Shields
     8 | D        | Reached XP level 2. HP: 26/29 MP: 1/1
    99 | D        | Noticed an ogre
   104 | D        | Killed an ogre
   105 | D        | Reached XP level 3. HP: 14/39 MP: 2/2
   105 | D        | Reached XP level 4. HP: 17/47 MP: 3/3
   429 | D        | Noticed Sigmund
   451 | D        | Killed Sigmund
   452 | D        | Reached skill level 1 in Dodging
   452 | D        | Reached XP level 5. HP: 14/57 MP: 4/4
   452 | D        | Reached XP level 6. HP: 15/63 MP: 5/5
   685 | D        | Found an ornate altar of the Wu Jian Council.
   685 | D        | Found a shimmering blue altar of Sif Muna.
   687 | D        | Found a radiant altar of Vehumet.
   765 | D        | Found Fetownix's Magic Scroll Emporium.
   765 | D        | Found an ancient bone altar of Kikubaaqudgha.
   765 | D        | Found a hazy altar of Hepliaklqana.
   765 | D        | Found a stormy altar of Qazlal.
   765 | D        | Found a hide-covered altar of Uskayaw.
   765 | D        | Found a blossoming altar of Fedhas.
   765 | D        | Found a bloodstained altar of Trog.
   765 | D        | Found an iron altar of Okawaru.
   765 | D        | Found a basalt altar of Yredelemnul.
   765 | D        | Found a glowing golden altar of the Shining One.
   765 | D        | Found a snail-covered altar of Cheibriados.
   765 | D        | Found a sacrificial altar of Ru.
   765 | D        | Found a glowing silver altar of Zin.
   765 | D        | Found a shadowy altar of Dithmenos.
   765 | D        | Found a white marble altar of Elyvilon.
   765 | D        | Noticed a yak
   771 | D        | Killed a yak
   772 | D        | Reached skill level 10 in Fighting
   772 | D        | Found an opulent altar of Gozag.
   773 | D        | Found a sparkling altar of Nemelex Xobeh.
   925 | D        | Became a worshipper of Gozag Ym Sagoz the Greedy
   950 | D        | Noticed Sonja
   952 | D        | Killed Sonja
   953 | D        | Reached skill level 10 in Axes
   953 | D        | Reached skill level 1 in Stealth
   953 | D        | Reached XP level 7. HP: 75/75 MP: 6/6
   971 | D        | Found Innemium's Weapon Boutique.
   991 | D        | Noticed a deep troll
   998 | D        | Killed a deep troll
   999 | D        | Reached skill level 10 in Shields
   999 | D        | Reached XP level 8. HP: 77/85 MP: 7/7
  1260 | D        | Found Qiynarrira's Armour Emporium.
  1269 | D        | Bought a +0 plate armour of fire resistance for 390 gold
                  | pieces
  1269 | D        | Bought a +2 pair of boots for 214 gold pieces
  1370 | D        | Noticed a shining eye
  1370 | D        | Noticed a shining eye
  1370 | D        | Noticed a shining eye
  1370 | D        | Noticed a shining eye
  1370 | D        | Noticed a shining eye
  1370 | D        | Noticed a shining eye
  1374 | D        | Gained mutation: You are frail. (-10% HP) [a shining eye]
  1377 | D        | Reached skill level 1 in Evocations
  1377 | D        | Paralysed by a floating eye for 2 turns
  1383 | D        | Gained mutation: Your body sometimes deteriorates upon
                  | taking damage. [a shining eye]
  1387 | D        | Killed a shining eye
  1388 | D        | Reached XP level 9. HP: 84/84 MP: 8/8
  1390 | D        | Killed a shining eye
  1390 | D        | Gained mutation: Armour fits poorly on your strangely
                  | shaped body. [a shining eye]
  1393 | D        | Gained mutation: Your body often deteriorates upon taking
                  | damage. [a shining eye]
  1395 | D        | Killed a shining eye
  1400 | D        | Killed a shining eye
  1400 | D        | Killed a shining eye
  1403 | D        | Killed a shining eye
  1404 | D        | Reached skill level 15 in Fighting
  1404 | D        | Reached XP level 10. HP: 94/94 MP: 9/9
  1425 | D        | Noticed a shining eye
  1425 | D        | Noticed a shining eye
  1425 | D        | Gained mutation: You are very frail. (-20% HP) [a shining
                  | eye]
  1445 | D        | Gained mutation: You are vulnerable to cold. (rC-) [a
                  | shining eye]
  1447 | D        | Gained mutation: You are clumsy. (Dex -2) [a shining eye]
  1449 | D        | Gained mutation: You are weak. (Str -2) [a shining eye]
  1450 | D        | Killed a shining eye
  1451 | D        | Reached skill level 15 in Axes
  1454 | D        | Gained mutation: You are dopey. (Int -2) [a shining eye]
  1458 | D        | Gained mutation: You occasionally shout uncontrollably at
                  | your foes. [a shining eye]
  1459 | D        | Gained mutation: You are very dopey. (Int -4) [a shining
                  | eye]
  1462 | D        | Killed a shining eye
  1463 | D        | Reached skill level 5 in Dodging
  1732 | D        | Bought a scroll of brand weapon for 104 gold pieces
  1732 | D        | Bought a scroll of enchant armour for 82 gold pieces
  1751 | D        | Noticed a centaur warrior
  1776 | D        | Found Toanitos's Assorted Antiques.
  1776 | D        | Found Simycir's Antique Armour Shop.
  1776 | D        | Found Heoquher's Assorted Antiques.
  1776 | D        | Found Plog's Distillery.
  1793 | D        | Bought a glowing hat for 154 gold pieces
  1807 | D        | Bought a scroll labelled WUSILO VUEMOE for 23 gold pieces
  1807 | D        | Bought a scroll labelled KADGHO VYOM for 23 gold pieces
  1807 | D        | Bought 2 scrolls labelled YXYZOS PINOWEN for 46 gold pieces
  1807 | D        | Bought a potion of curing for 69 gold pieces
  1807 | D        | Bought a scroll labelled JOSMINIQEA for 23 gold pieces
  1807 | D        | Bought a scroll labelled JETZUQ POZXIER for 23 gold pieces
  1849 | D        | Noticed a centaur warrior
  1857 | D        | Killed a centaur warrior
  1860 | D        | Killed a centaur warrior
  1861 | D        | Reached skill level 15 in Armour
  1955 | D        | Noticed an oklob plant
  1964 | D        | Killed an oklob plant
  2257 | D        | Paralysed by a floating eye for 2 turns
  2298 | D        | Reached XP level 11. HP: 43/92 MP: 10/10
  2628 | D        | Found Hyugetush's Book Boutique.
  2628 | D        | Found Neemudez's Assorted Antiques.
  2628 | D        | Found Luheymn's Magic Scroll Emporium.
  2630 | D        | Found Suchon's Distillery.
  2630 | D        | Found Xuzemeug's General Store.
  2630 | D        | Found Wag Ymp's Book Shop.
  2630 | D        | Found Viem's Jewellery Emporium.
  2630 | D        | Found Efforira's Magic Scroll Boutique.
  2630 | D        | Found Syddur's Magic Scroll Shoppe.
  2630 | D        | Found Aniaquoss's Antique Armour Shop.
  2634 | D        | Found Yrrom's Antique Weapon Emporium.
  2635 | D        | Bought a potion of mutation for 96 gold pieces
  2635 | D        | Lost mutation: Armour fits poorly on your strangely shaped
                  | body. [potion of mutation]
  2635 | D        | Lost mutation: You are clumsy. (Dex -2) [potion of
                  | mutation]
  2635 | D        | Gained mutation: You are extremely frail. (-30% HP) [potion
                  | of mutation]
  2635 | D        | Gained mutation: Your system is resistant to poisons.
                  | (rPois) [potion of mutation]
  2636 | D        | Found Hiarghav's Jewellery Boutique.
  2636 | D        | Found Wumnu's Jewellery Shoppe.
  2637 | D        | Found Dufratie's Armour Shop.
  2641 | D        | Bought 3 scrolls of enchant armour for 247 gold pieces
  2642 | D        | Bought a pair of runed gloves for 217 gold pieces
  2649 | D        | Bought the ring "Vamuyplo" {Fly rC+ Str+2 Int+2} for 510
                  | gold pieces
  2655 | D        | Bought a +6 ring of strength for 432 gold pieces
  2673 | D        | Bought 2 potions of berserk rage for 120 gold pieces
  2673 | D        | Bought a potion of heal wounds for 60 gold pieces
  2673 | D        | Bought a potion of haste for 120 gold pieces
  2673 | D        | Bought a potion of heal wounds for 60 gold pieces
  2719 | D        | Found a burning altar of Makhleb.
  2719 | D        | Found a viscous altar of Jiyva.
  2719 | D        | Found a shimmering altar of Xom.
  2719 | D        | Found a corrupted altar of Lugonu.
  2740 | D        | Noticed a sixfirhy
  3091 | D        | Noticed a lindwurm
  3096 | D        | Killed a lindwurm
  3287 | D        | Noticed a 12-headed hydra
  3293 | D        | Killed a 16-headed hydra
  3293 | D        | Paralysed by a floating eye for 3 turns
  3424 | D        | Killed a lorocyproca
  4850 | D        | Noticed a daeva
  5024 | D        | Noticed a deep elf annihilator
  5029 | D        | Killed a deep elf annihilator
  5030 | D        | Reached XP level 12. HP: 84/90 MP: 11/11
  5047 | D        | Noticed a mummy priest
  5864 | D        | Bought a shiny buckler for 217 gold pieces
  5940 | D        | Bought 3 scrolls of enchant armour for 540 gold pieces
  5940 | D        | Bought a glowing war axe for 156 gold pieces
  6203 | D        | Noticed a shadow dragon
  6203 | D        | Noticed a golden dragon
  6206 | D        | Lost intelligence.
  6213 | D        | Killed a golden dragon
  6220 | D        | Killed a shadow dragon
  6580 | D        | Found Ecichao's Magic Scroll Shoppe.
  6592 | D        | Lost mutation: Your body often deteriorates upon taking
                  | damage. [potion of mutation]
  6592 | D        | Lost mutation: Your system is resistant to poisons. (rPois)
                  | [potion of mutation]
  6592 | D        | Lost mutation: You are extremely frail. (-30% HP) [potion
                  | of mutation]
  6653 | D        | Noticed the 27-headed Lernaean hydra
  6668 | D        | Killed the 22-headed Lernaean hydra
  6669 | D        | Reached skill level 15 in Shields
  6669 | D        | Reached skill level 5 in Evocations
  7030 | D        | Killed from afar by a gargoyle

Illustrated notes

Levels and vault maps discovered:
D:        dungeon_sprint_1 [red_sonja_temple_1, red_sonja_temple_small_1]

Skill      XL: |  1  2  3  4  5  6  7  8  9 10 11 12 |
---------------+-------------------------------------+-----
Fighting       | 5 7 9 11 12 13 15 16 18 20 | 20.0
Axes           | 3 4 6 10 11 12 14 17 19 20 | 20.4
Armour         | 5 6 8 11 12 13 14 15 18 19 | 19.3
Shields        | 5 6 8 9 10 11 12 14 15 | 15.2
Dodging        | 1 2 3 4 5 6 |  6.6
Stealth        | 1 2 3 4 |  4.4
Evocations     | 1 2 3 4 5 |  5.1

Action                     |  1- 3 |  4- 6 |  7- 9 | 10-12 || total
---------------------------+-------+-------+-------+-------++-------
  Melee: War axe           |     8 |    15 |    27 |   182 ||   232
         Headbutt          |     1 |     3 |    10 |    50 ||    64
 Invoke: Potion Petition   |       |       |       |     2 ||     2
  Evoke: Wand              |       |     2 |     3 |       ||     5
         Tin of tremorston |       |       |       |     7 ||     7
         Phantom mirror    |       |       |       |     5 ||     5
         Box of beasts     |       |       |       |     1 ||     1
    Use: Potion            |       |       |     2 |    12 ||    14
         Scroll            |       |       |       |    16 ||    16
   Stab: Distracted        |       |       |       |     1 ||     1
 Armour: Scale mail        |     2 |     1 |     2 |       ||     5
         Plate armour      |       |       |     1 |   169 ||   170
  Dodge: Dodged            |     4 |     6 |     4 |    96 ||   110
  Block: Buckler           |     1 |     1 |     1 |    84 ||    87

Table legend: (Time is in decaauts)
 A = Elapsed time spent in this place.
 B = Non-inter-level travel time spent in this place.
 C = Inter-level travel time spent in this place.
 D = Time resting spent in this place.
 E = Time spent auto-exploring this place.
 F = Levels seen in this place.
 G = Mean time per level.
                   A        B        C        D        E       F      G
               +--------+--------+--------+--------+--------+-----+--------+
         Total |   7025 |   6787 |    238 |   5201 |     14 |   1 | 7025.0 |
       Dungeon |   7025 |   6787 |    238 |   5201 |     14 |   1 | 7025.0 |
               +--------+--------+--------+--------+--------+-----+--------+

Top non-repeatable levels by time:
       D: 7025 daAuts
